 Dungeon Crawl Stone Soup version 0.30.0-15-g856e2d3f33 (webtiles) character file.

Game seed: 5296099958313571487

6193 qw the Cleaver (level 10, -1/66 HPs)
             Began as a Gargoyle Cinder Acolyte on May 18, 2023.
             Was an Initiate of Ignis.
             Slain by a wight
             ... wielding a +3 halberd of freezing
              (10 damage)
             ... on level 8 of the Dungeon.
             The game lasted 00:04:52 (8651 turns).

qw the Cleaver (Gargoyle Cinder Acolyte)            Turns: 8651, Time: 00:04:53

Health: -1/66      AC: 23    Str: 21    XL:     10   Next: 91%
Magic:  11/11      EV:  8    Int: 16    God:    Ignis [......]
Gold:   632        SH:  0    Dex:  5    Spells: 11/11 levels left

rFire   + . .        n - +0 war axe
rCold   + . .        (no shield)
rNeg    + . .        b - +0 chain mail
rPois   inf          c - +2 helmet
rElec   +            (no cloak)
rCorr   .            (no gloves)
SInv    .            i - +2 pair of boots {rampage}
Will    .....        (no amulet) Stlth
                     l - ring of protection from cold
HPRegen 0.31/turn    (no ring)
MPRegen 0.12/turn

%: rampage
@: about to teleport
A: sickness immunity, AC +7, negative energy resistance 1, electricity
resistance, torment resistance 1, petrification resistance
a: Renounce Religion, Rising Flame


You were on level 8 of the Dungeon.
You worshipped Ignis.
Ignis was noncommittal.
You visited 1 branch of the dungeon, and saw 9 of its levels.

You collected 632 gold pieces.


Innate Abilities, Weirdness & Mutations

You are immune to sickness and miasma.
Your stone body is resilient. (AC +7)
You are immune to poison.
You resist negative energy. (rN+)
You are resistant to electric shocks. (rElec)
You are resistant to unholy torment.
You are immune to petrification.


   Skills:
 - Level 9.3 Fighting
 + Level 11.9 Axes
 - Level 1.0 Throwing
 - Level 6.0 Armour
 - Level 1.5 Dodging
 - Level 1.0 Spellcasting
 - Level 3.0 Fire Magic


You had 11 spell levels left.
You didn't know any spells.
Your spell library contained the following spells:

 Spells                   Type           Power      Damage    Failure   Level
 Scorch                   Fire           20%        2d5       52%         2

Inventory:

Hand Weapons
 n - a +0 war axe (weapon)
 Y - a +3 hand axe of flaming
Armour
 b - a +0 chain mail (worn)
 c - a +2 helmet (worn)
 g - the +3 pair of gloves of the Spheres {Harm Rampage}
   (You found it on level 3 of the Dungeon)

   Harm:      It increases damage dealt and taken.
   Rampage:   It bestows one free step when moving towards enemies.
 i - a +2 pair of boots of rampaging (worn)
 m - a +1 scale mail of fire resistance
 p - a +0 plate armour
 q - a +0 pair of gloves
Jewellery
 h - a ring of fire
 l - a ring of protection from cold (left hand)
 o - a ring of fire
Scrolls
 a - 3 scrolls of identify
Potions
 d - a potion of haste
 e - a potion of resistance
 f - 5 potions of curing
 j - 2 potions of mutation

Dungeon Overview and Level Annotations

Branches:
Dungeon (9/15)             Temple (0/1) D:6
   Lair: D:8-11         Orc: D:9-12

Altars:
Cheibriados
Kikubaaqudgha
Makhleb
Okawaru
Trog
Wu Jian
Yredelemnul
Zin
The Shining One


Message History

You miss the killer bee.
The killer bee is lightly wounded.
The killer bee stings you but does no damage.
The killer bee closely misses you.
The wight hits you from afar with a +3 halberd of freezing!
You hit the killer bee.
The killer bee is heavily wounded.
The killer bee barely misses you. The killer bee stings you.
The wight hits you but does no damage.
You miss the killer bee.
The killer bee is heavily wounded.
The killer bee closely misses you.
The killer bee stings you but does no damage.
The wight barely misses you.
You closely miss the killer bee.
The killer bee is heavily wounded.
The killer bee stings you but does no damage.
The wight hits you from afar with a +3 halberd of freezing.
The killer bee barely misses you.
You miss the killer bee.
The killer bee is heavily wounded.
The killer bee stings you.
You barely miss the killer bee.
The killer bee is heavily wounded.
The killer bee stings you. The wight hits you but does no damage.
The killer bee stings you.
You slash the killer bee!
You kill the killer bee!
The wight misses you.
The wight hits you with a +3 halberd of freezing!
The wight freezes you.
Items here: % )) [.
You barely miss the wight.
The wight hits you with a +3 halberd of freezing!
The wight freezes you.
8651 ||| READING scroll of teleportation.
As you read the scroll of teleportation, it crumbles to dust.
You feel strangely unstable.
The wight hits you with a +3 halberd of freezing!
You die...

# #. . #. ######
#.. #.##....
....#.....##
...........##.#
......z@......#
....####.####...
. #.# .. #.#
...##'## #.#...##
#......##
##......)##
###.........####.


You could see a wight.

Vanquished Creatures
  A two-headed ogre (D:8)
  Pikel (D:8)
  A gargoyle (D:8)
  A troll (D:9)
  A wyvern (D:4)
  5 yaks (D:9)
  A steam dragon (D:6)
  Menkaure (D:6)
  A water moccasin (D:8)
  A sky beast (D:7)
  2 orc warriors
  An ice beast (D:6)
  3 centaurs
  2 ogres (D:6)
  A phantom (D:6)
  3 lemures (D:8)
  A kobold brigand (D:9)
  A gnoll sergeant (D:8)
  2 scorpions
  6 wights (D:8)
  17 killer bees
  9 howler monkeys
  5 orc priests
  2 hounds
  2 gnoll boudas
  3 iguanas
  4 sleepcaps
  6 orc wizards
  12 adders
  18 gnolls
  2 ufetubi
  2 worms
  4 dart slugs
  26 orcs
  7 bats
  9 endoplasms
  2 giant cockroaches
  9 goblins
  9 hobgoblins
  A jackal (D:3)
  2 quokkas
  7 ball pythons
  4 frilled lizards
  12 kobolds
  6 rats
  A spectral orc (D:8)
217 creatures vanquished.

Notes
Turn   | Place    | Note
-------+----------+-------------------------------------------
     0 | D:1      | qw the Gargoyle Cinder Acolyte began the quest for the Orb.
     0 | D:1      | Reached XP level 1. HP: 14/14 MP: 2/2
     0 | D:1      | 0 ||| qw: Version: 0.2-a-95-gc95f03d
     0 | D:1      | 0 ||| qw: Game counter: 52
     0 | D:1      | 0 ||| qw: Always use a shield: true
     0 | D:1      | 0 ||| qw: God list: Okawaru
     0 | D:1      | 0 ||| qw: Allow faded altars: false
     0 | D:1      | 0 ||| qw: Do Orc after D:15 true
     0 | D:1      | 0 ||| qw: Do second Lair branch before Depths: true
     0 | D:1      | 0 ||| qw: Lair rune preference: random
     0 | D:1      | 0 ||| qw: Plans: Normal
     0 | D:1      | 0 ||| PLANNING D:1-11
    86 | D:1      | 86 ||| Stepping ~*~*~tactically~*~*~ (stealth).
   149 | D:1      | 149 ||| INVOKING Fiery Armour.
   152 | D:1      | Reached skill level 3 in Axes
   211 | D:1      | Reached XP level 2. HP: 19/19 MP: 3/3
   515 | D:1      | 515 ||| Stepping ~*~*~tactically~*~*~ (hiding).
   535 | D:1      | 535 ||| INVOKING Fiery Armour.
   738 | D:1      | Reached XP level 3. HP: 23/23 MP: 4/4
   791 | D:1      | 791 ||| UPGRADING to +0 leather armour.
   801 | D:1      | 801 ||| DROPPING +0 robe.
   802 | D:1      | 802 ||| UPGRADING to +2 pair of boots of rampaging.
   807 | D:1      | 807 ||| READING 2 scrolls labelled FIVORI DUEBOIW.
   808 | D:1      | 808 ||| READING scroll labelled ELIUCI XIWA.
   809 | D:1      | 809 ||| READING scroll labelled PURRAGH SURUMO.
   910 | D:1      | 910 ||| DRINKING 2 blue potions.
   939 | D:2      | 939 ||| STAIRDANCE
   956 | D:2      | 956 ||| STAIRDANCE
   959 | D:1      | 959 ||| INVOKING Fiery Armour.
   963 | D:1      | Reached skill level 4 in Axes
  1314 | D:2      | 1314 ||| READING scroll labelled QUOH JOICLAUS.
  1315 | D:2      | 1315 ||| READING scroll labelled YKUZXUUFRA.
  1316 | D:2      | 1316 ||| DRINKING 2 fuming black potions.
  1317 | D:2      | 1317 ||| DROPPING potion of brilliance.
  1641 | D:2      | Reached XP level 4. HP: 28/28 MP: 5/5
  1714 | D:2      | 1714 ||| READING scroll of enchant weapon.
  1714 | D:2      | 1714 ||| ENCHANTING +0 hand axe of flaming.
  1979 | D:2      | 1979 ||| UPGRADING to +0 chain mail.
  1989 | D:2      | 1989 ||| DROPPING +0 leather armour.
  1990 | D:2      | 1990 ||| READING 2 scrolls of identify.
  1990 | D:2      | 1990 ||| IDENTIFYING sedimented blue potion
  2117 | D:3      | 2117 ||| STAIRDANCE
  2143 | D:3      | 2143 ||| Stepping ~*~*~tactically~*~*~ (hiding).
  2163 | D:3      | 2163 ||| Stepping ~*~*~tactically~*~*~ (hiding).
  2164 | D:3      | 2164 ||| Stepping ~*~*~tactically~*~*~ (hiding).
  2165 | D:3      | 2165 ||| INVOKING Fiery Armour.
  2171 | D:3      | Reached skill level 1 in Armour
  2207 | D:3      | 2207 ||| Stepping ~*~*~tactically~*~*~ (stealth).
  2208 | D:3      | 2208 ||| Stepping ~*~*~tactically~*~*~ (stealth).
  2398 | D:3      | 2398 ||| UPGRADING to +0 helmet.
  2403 | D:3      | 2403 ||| READING scroll labelled YXAUWU HODICAOMESE.
  2407 | D:3      | 2407 ||| Stepping ~*~*~tactically~*~*~ (hiding).
  2408 | D:3      | 2408 ||| Stepping ~*~*~tactically~*~*~ (hiding).
  2481 | D:3      | Reached XP level 5. HP: 31/32 MP: 6/6
  2505 | D:3      | Reached skill level 5 in Axes
  2517 | D:3      | 2517 ||| READING scroll of enchant armour.
  2517 | D:3      | 2517 ||| ENCHANTING +0 helmet.
  2527 | D:3      | Identified the +3 pair of gloves of the Spheres {Harm
                  | Rampage}
  2633 | D:3      | 2633 ||| Stepping ~*~*~tactically~*~*~ (stealth).
  2634 | D:3      | 2634 ||| INVOKING Fiery Armour.
  2636 | D:3      | 2636 ||| Stepping ~*~*~tactically~*~*~ (stealth).
  2641 | D:3      | Reached skill level 1 in Throwing
  2644 | D:3      | 2644 ||| Stepping ~*~*~tactically~*~*~ (stealth).
  2777 | D:3      | Reached XP level 6. HP: 38/38 MP: 7/7
  2931 | D:3      | 2931 ||| READING 2 scrolls labelled WOGATU APIM.
  2932 | D:3      | 2932 ||| READING scroll labelled JENANUANAR.
  2933 | D:3      | 2933 ||| DROPPING scroll of magic mapping.
  3076 | D:4      | Noticed a wyvern
  3088 | D:4      | HP: 9/38 [wyvern (1)]
  3089 | D:4      | 3089 ||| DRINKING potion of heal wounds.
  3094 | D:4      | 3094 ||| INVOKING Fiery Armour.
  3099 | D:4      | Killed a wyvern
  3349 | D:4      | Reached XP level 7. HP: 43/43 MP: 8/8
  3354 | D:4      | Found an ancient bone altar of Kikubaaqudgha.
  3354 | D:4      | Found a bloodstained altar of Trog.
  3366 | D:4      | Found an iron altar of Okawaru.
  3366 | D:4      | Found an ornate altar of the Wu Jian Council.
  3446 | D:4      | 3446 ||| READING scroll labelled YRPHUB HATANE.
  3450 | D:4      | 3450 ||| READING scroll labelled LEHERGH ZIENKIT.
  3451 | D:4      | 3451 ||| READING scroll labelled VYP VITHRET.
  3452 | D:4      | 3452 ||| READING 3 scrolls of identify.
  3452 | D:4      | 3452 ||| IDENTIFYING fuming clear potion
  3453 | D:4      | 3453 ||| READING 2 scrolls of identify.
  3453 | D:4      | 3453 ||| IDENTIFYING fuming silvery potion
  3469 | D:5      | Entered Level 5 of the Dungeon
  3705 | D:5      | Reached skill level 6 in Axes
  3712 | D:5      | Found a snail-covered altar of Cheibriados.
  3787 | D:5      | 3787 ||| INVOKING Fiery Armour.
  4074 | D:5      | Found a glowing golden altar of the Shining One.
  4177 | D:5      | 4177 ||| READING scroll of enchant armour.
  4177 | D:5      | 4177 ||| ENCHANTING +1 helmet.
  4417 | D:5      | 4417 ||| DROPPING +1 pair of boots.
  4418 | D:5      | 4418 ||| READING 2 scrolls labelled IGIELA GUEN.
  4419 | D:5      | 4419 ||| DRINKING 2 ruby potions.
  4420 | D:5      | 4420 ||| READING 2 scrolls of identify.
  4420 | D:5      | 4420 ||| IDENTIFYING fizzy sapphire potion
  4421 | D:5      | 4421 ||| DROPPING scroll of noise.
  4422 | D:5      | 4422 ||| DROPPING potion of ambrosia.
  4423 | D:5      | 4423 ||| DROPPING potion of flight.
  4454 | D:6      | 4454 ||| Stepping ~*~*~tactically~*~*~ (hiding).
  4460 | D:6      | 4460 ||| INVOKING Fiery Armour.
  4464 | D:6      | HP: 3/43 [orc priest/divine providence (14)]
  4465 | D:6      | Reached skill level 7 in Axes
  4467 | D:6      | Reached XP level 8. HP: 4/48 MP: 9/9
  4468 | D:6      | HP: 1/48 [orc priest/+0 dagger (3)]
  4653 | D:6      | Found a staircase to the Ecumenical Temple.
  4882 | D:6      | Noticed Menkaure
  4895 | D:6      | 4895 ||| INVOKING Fiery Armour.
  4897 | D:6      | Killed Menkaure
  5033 | D:6      | Reached skill level 8 in Axes
  5119 | D:6      | 5119 ||| Stepping ~*~*~tactically~*~*~ (hiding).
  5120 | D:6      | 5120 ||| Stepping ~*~*~tactically~*~*~ (hiding).
  5121 | D:6      | 5121 ||| Stepping ~*~*~tactically~*~*~ (hiding).
  5122 | D:6      | 5122 ||| Stepping ~*~*~tactically~*~*~ (hiding).
  5240 | D:6      | Reached skill level 6 in Fighting
  5361 | D:6      | 5361 ||| READING scroll of enchant weapon.
  5361 | D:6      | 5361 ||| ENCHANTING +1 hand axe of flaming.
  5532 | D:6      | 5532 ||| Stepping ~*~*~tactically~*~*~ (stealth).
  5543 | D:6      | Reached XP level 9. HP: 44/55 MP: 10/10
  5611 | D:6      | Reached skill level 9 in Axes
  5614 | D:6      | 5614 ||| INVOKING Fiery Armour.
  5771 | D:6      | You fall into a shaft and drop 3 floors!
  5771 | D:9      | Found a burning altar of Makhleb.
  5794 | D:9      | 5794 ||| Stepping ~*~*~tactically~*~*~ (stealth).
  5831 | D:9      | Noticed an orange crystal statue
  5832 | D:9      | 5832 ||| READING scroll labelled QIESUNEWKE.
  5868 | D:9      | 5868 ||| Stepping ~*~*~tactically~*~*~ (hiding).
  5872 | D:9      | Noticed a troll
  5881 | D:9      | 5881 ||| INVOKING Fiery Armour.
  5881 | D:9      | Killed a troll
  5883 | D:9      | HP: 14/57 [howler monkey (4)]
  5884 | D:9      | 5884 ||| READING scroll of teleportation.
  6073 | D:9      | Found a glowing silver altar of Zin.
  6132 | D:9      | 6132 ||| Stepping ~*~*~tactically~*~*~ (hiding).
  6134 | D:9      | 6134 ||| Stepping ~*~*~tactically~*~*~ (hiding).
  6135 | D:9      | 6135 ||| Stepping ~*~*~tactically~*~*~ (hiding).
  6166 | D:9      | 6166 ||| READING scroll of enchant weapon.
  6166 | D:9      | 6166 ||| ENCHANTING +2 hand axe of flaming.
  6228 | D:9      | 6228 ||| Stepping ~*~*~tactically~*~*~ (stealth).
  6240 | D:9      | Reached skill level 10 in Axes
  6240 | D:9      | 6240 ||| INVOKING Fiery Armour.
  6245 | D:9      | Reached skill level 1 in Dodging
  6247 | D:9      | HP: 13/57 [yak (11)]
  6248 | D:9      | 6248 ||| DRINKING potion of heal wounds.
  6358 | D:9      | Reached XP level 10. HP: 54/64 MP: 11/11
  6537 | D:9      | 6537 ||| READING 2 scrolls of identify.
  6537 | D:9      | 6537 ||| IDENTIFYING fuming pink potion
  6553 | D:8      | Reached skill level 6 in Armour
  6634 | D:8      | 6634 ||| DRINKING 3 fizzy green potions.
  6635 | D:8      | 6635 ||| DROPPING 2 potions of attraction.
  6799 | D:8      | Noticed Pikel
  6837 | D:8      | Killed Pikel
  6998 | D:7      | 6998 ||| UPGRADING to ring of protection from cold.
  7166 | D:7      | 7166 ||| Stepping ~*~*~tactically~*~*~ (stealth).
  7167 | D:7      | Found a flagged portal.
  7168 | D:7      | 7168 ||| Stepping ~*~*~tactically~*~*~ (stealth).
  7174 | D:7      | Reached skill level 11 in Axes
  7908 | D:8      | 7908 ||| Stepping ~*~*~tactically~*~*~ (hiding).
  7920 | D:8      | 7920 ||| Stepping ~*~*~tactically~*~*~ (hiding).
  7925 | D:8      | 7925 ||| DRINKING 6 potions of curing.
  7925 | D:8      | 7925 ||| (to cure confusion)
  8048 | D:8      | Noticed a gargoyle
  8067 | D:8      | 8067 ||| INVOKING Fiery Armour.
  8069 | D:8      | Killed a gargoyle
  8070 | D:8      | Reached skill level 9 in Fighting
  8222 | D:8      | Noticed a two-headed ogre
  8234 | D:8      | Killed a two-headed ogre
  8369 | D:8      | Found a basalt altar of Yredelemnul.
  8604 | D:8      | 8604 ||| SWAPPING to +0 war axe.
  8624 | D:8      | 8624 ||| Stepping ~*~*~tactically~*~*~ (hiding).
  8625 | D:8      | 8625 ||| Stepping ~*~*~tactically~*~*~ (hiding).
  8627 | D:8      | 8627 ||| Stepping ~*~*~tactically~*~*~ (hiding).
  8650 | D:8      | HP: 9/66 [wight/+3 halberd of freezing (8)]
  8651 | D:8      | 8651 ||| READING scroll of teleportation.
  8651 | D:8      | Slain by a wight

Levels and vault maps discovered:
D:1:      minmay_arrival_pointy, layout_basic
D:2:      layout_basic, minmay_misc_feat_tiny
D:3:      layout_loops_ring, minmay_joined_circles
D:4:      layout_rooms, grunt_temple_overflow_open
D:5:      minmay_general_purpose_star, layout_loops_ring,
          mainiacjoe_overflow_alcove_2, slow_altar_1
D:6:      layout_gridville, minmay_temple_entry_butterflies, uniq_menkaure
D:7:      layout_gridville, enter_bailey_2
D:8:      wander_kiku_kobolds, layout_loops_corners,
          yredelemnul_forgotten_temple_becter, st_stairs_5, minmay_checkerbox,
          uniq_pikel
D:9:      layout_basic, mainiacjoe_overflow_cross_hatched,
          nicolae_overflow_crystal_walls, minmay_statue_bubble

Skill      XL: |  1  2  3  4  5  6  7  8  9 10 |
---------------+-------------------------------+-----
Axes           | 3 4 5 7 8 10 11 | 11.9
Armour         | 2 4 5 6 |  6.0
Throwing       | 1 |  1.0
Fighting       | 4 6 8 9 |  9.3
Dodging        | 1 |  1.5
Spellcasting   | |  1.0
Fire Magic     | |  3.0

Action                     |  1- 3 |  4- 6 |  7- 9 | 10-12 || total
---------------------------+-------+-------+-------+-------++-------
  Melee: Hand axe          |   117 |   167 |   363 |   241 ||   888
         Punch             |     2 |     2 |     1 |     5 ||    10
         War axe           |       |       |       |    19 ||    19
  Throw: Javelin           |       |    17 |     8 |       ||    25
 Invoke: Fiery Armour      |     3 |     3 |     6 |     1 ||    13
    Use: Scroll            |     5 |     6 |    12 |     2 ||    25
         Potion            |     2 |     1 |     2 |     2 ||     7
 Armour: Robe              |    41 |       |       |       ||    41
         Leather armour    |    14 |     1 |       |       ||    15
         Chain mail        |       |   121 |   238 |   184 ||   543
  Dodge: Dodged            |    67 |    57 |   155 |   115 ||   394

Table legend:
 A = Non-vault XP
 B = Vault XP
 C = Vault XP percentage of total XP
 D = Non-vault monster count
 E = Vault monster count
 F = Vault count percentage of total count
                 A         B        C        D         E       F
            +---------+---------+-------+---------+---------+-------
      Total |    7277 |    1571 |  17.8 |     187 |      27 |  12.6
            +---------+---------+-------+---------+---------+-------
        D:1 |      58 |       0 |   0.0 |      25 |       0 |   0.0
        D:2 |      28 |       0 |   0.0 |      11 |       0 |   0.0
        D:3 |     161 |      80 |  33.2 |      27 |      12 |  30.8
        D:4 |     303 |       0 |   0.0 |      14 |       0 |   0.0
        D:5 |     211 |     179 |  45.9 |      18 |       5 |  21.7
        D:6 |    1654 |     165 |   9.1 |      33 |       1 |   2.9
        D:7 |     711 |       0 |   0.0 |      12 |       0 |   0.0
        D:8 |    2114 |    1147 |  35.2 |      22 |       9 |  29.0
        D:9 |    2037 |       0 |   0.0 |      25 |       0 |   0.0
            +---------+---------+-------+---------+---------+-------
